 Dungeon Crawl Stone Soup version 0.30.0-10-gfe55d96785 (webtiles) character file.

Game seed: 11597049483131242645

3 olmar the Cudgeller (level 1, -1/21 HPs)
             Began as a Naga Monk on May 15, 2023.
             Slain by a rat (2 damage)
             ... on level 1 of the Dungeon.
             The game lasted 00:00:08 (71 turns).

olmar the Cudgeller (Naga Monk)                       Turns: 71, Time: 00:00:09

Health: -1/21      AC:  1    Str: 13    XL:     1   Next: 50%
Magic:  1/1        EV: 10    Int: 10    God:
Gold:   3          SH:  0    Dex: 13    Spells: 0/0 levels left

rFire   . . .        a - +0 mace
rCold   . . .        d - orb {light}
rNeg    . . .        b - +0 robe
rPois   +            (no helmet)
rElec   .            (no cloak)
rCorr   .            (no gloves)
SInv    +            (no barding)
Will    .....        (no amulet)
Stlth   +            (no ring)
HPRegen 0.23/turn    (no ring)
MPRegen 0.07/turn

%: no passive effects
@: short of breath, glowing, very slow
A: AC +0, large, see invisible, deformed body, poison resistance, slowness 2,
spit poison 1, naga tail 1
a: Spit Poison


You were on level 1 of the Dungeon.
You visited 1 branch of the dungeon, and saw 1 of its levels.

You collected 3 gold pieces.

Inventory:

Hand Weapons
 a - a +0 mace (weapon)
Missiles
 e - 2 throwing nets
Armour
 b - a +0 robe (worn)
 d - an orb of light (worn)
Scrolls
 f - a scroll of magic mapping {unknown}
Potions
 c - a potion of ambrosia


   Skills:
 + Level 3.0 Fighting
 + Level 3.0 Maces & Flails
 + Level 2.4 Dodging


You couldn't memorise any spells.
You didn't know any spells.
Your spell library contained the following spells:

 Spells                   Type           Power      Damage    Failure   Level
 Magic Dart               Conj           0%         1d3       36%         1
 Searing Ray              Conj           0%         2d4       50%         2
 Fulminant Prism          Conj/Hex       0%         3d5       98%         4


Dungeon Overview and Level Annotations

Branches:
Dungeon (1/15)

Altars:


Innate Abilities, Weirdness & Mutations

Your serpentine skin is tough. (AC +0)
You have supernaturally acute eyesight. (SInv)
Armour fits poorly on your strangely shaped body.
Your system is resistant to poisons. (rPois)
You cover ground very slowly.
You can spit poison.
You have a snake-like lower body.


Message History

You see here a scroll labelled GEOWNU EPSE.
A kobold comes into view. It is wielding a +0 dagger.
The kobold shouts!
The giant cockroach bites you.
There are monsters nearby!
There are monsters nearby!
You barely miss the giant cockroach. The giant cockroach closely misses you.
You hit the giant cockroach.
The giant cockroach is severely wounded.
The giant cockroach closely misses you. The rat bites you.
The giant cockroach bites you. The rat barely misses you.
You hit the giant cockroach but do no damage.
The giant cockroach is severely wounded.
The giant cockroach misses you. The rat bites you.
The kobold hits you with a +0 dagger.
You hit the giant cockroach.
You kill the giant cockroach!
The rat closely misses you. The kobold hits you with a +0 dagger.
Unknown command.
You barely miss the rat. The rat closely misses you.
The kobold hits you with a +0 dagger. The rat bites you.
* * * LOW HITPOINT WARNING * * *
The kobold barely misses you.
Unknown command.
You are too injured to fight recklessly!
You are too injured to fight recklessly!
You hit the kobold.
The kobold is heavily wounded.
The rat barely misses you. The kobold hits you with a +0 dagger.
* * * LOW HITPOINT WARNING * * *
Unknown command.
Aiming: Spit Poison (3% risk of failure)
Press: ? - help, Shift-Dir - straight line, f - rat
Aim: a rat (haloed, 74% to hit)
The splash of poison hits the rat.
The rat is poisoned.
The rat is heavily wounded.
The kobold hits you with a +0 dagger.
* * * LOW HITPOINT WARNING * * *
The rat bites you.
You die...

......P# P.....♣#
#...##P# ###### #'''#
.....# #...# ####
.....## #.### #..
....... ....# #.#
.....# ###.#
#####.###.....# ###.##
#......?@r....# #....#
#(.......K....# #....#
##.............#
#....###..............#
#....##.†........######
#....##.#........#
#.......#....[...#
###..####........# #>##
#........#


You could see a kobold and a rat (poisoned).

Vanquished Creatures
  A giant cockroach (D:1)
  A hobgoblin (D:1)
  A frilled lizard (D:1)
3 creatures vanquished.

Notes
Turn   | Place    | Note
-------+----------+-------------------------------------------
     0 | D:1      | olmar the Naga Monk began the quest for the Orb.
     0 | D:1      | Reached XP level 1. HP: 21/21 MP: 1/1
    71 | D:1      | HP: 1/21 [kobold/+0 dagger (4)]
    71 | D:1      | Slain by a rat

Illustrated notes

Levels and vault maps discovered:
D:1:      kennysheep_arrival_seaside, layout_basic, hangedman_glass_garden,
          serial_bayou_pond_c, grunt_decor_junction, nicolae_figureground_pulse

Action                     || total
---------------------------++-------
  Melee: Mace              ||     8
Ability: Spit Poison       ||     1
  Dodge: Dodged            ||     8
